Unix NetHack Version 5.0.0-0 post-release - last build Jun 10 2026 00:39:30 (3ee93aec679c4c4259841fe613dc97188e26a321,branch:main).

Game began 2026-06-25 18:12:31, ended 2026-06-25 18:18:31.

GdeVolpiano, lawful male dwarven Caveman

   ---------
  --...--*.|         ---
---........----     --.-
|.............--    |..0|
|........*.....|----|.^.|
--....---......--.|.---.-----
 |....| |............|--.--.--
 |...-    --.........| |.....|
 |.--|     |.........---.)...--
 |..`|---- |..|..---.....<....|   ---
 ---.||..|  ------ --...... ..-- --.|
  --.--..|          |.).-   ...| |.-|  ---
  |......----       |.--     ..---..| --..--
  |.........--      |.|      ......%---...@h....
  -----......|    ---.|       ...........d......
      ----...| ----...|          .-----..---....
          ------......|
              |....-
              |..--
              ----
GdeVolpiano the Troglodyte  St:15 Dx:15 Co:17 In:7 Wi:12 Ch:10  Lawful
Dlvl:3  $:32 HP:0(18) Pw:1(1) AC:8  Xp:1 T:943 

Latest messages:
 The gnomish wizard points at you, then curses.
 The gnomish wizard points at you, then curses.
 What do you want to zap? [jk or ?*]
 In what direction?
 You materialize in a different location!
 Something is written here in the dust.
 You read: "_l cre?h".
 Really step into that teleportation trap? [yn] (n)
 Pick a monster, object or location.
 *        a gem or rock (11 rocks)
 You swap places with Slasher.
 Slasher bites the gnome.
 Slasher misses the gnome.
 Slasher bites the gnome.
 The gnome is killed!
 You see here 6 darts.
 You hear distant howling.
 What do you want to use or apply? [jk or ?*]
 You don't have that object.
 What do you want to use or apply? [jk or ?*]
 Never mind.
 You swap places with Slasher.
 You swap places with Slasher.
 You see here a yellow mold corpse.
 The giant rat bites!
 Slasher misses the gnomish wizard.
 The air crackles around the gnomish wizard.
 Slasher misses the gnomish wizard.
 You miss the gnomish wizard.
 The giant rat bites!
 Slasher bites the gnomish wizard.
 The gnomish wizard points all around, then curses.
 The dwarf wields a dagger!
 The dagger welds itself to the dwarf's hand!
 Slasher bites the gnomish wizard.
 The gnomish wizard is killed!
 You hit the giant rat.
 Slasher bites the giant rat.
 The giant rat misses Slasher.
 You miss the giant rat.
 The giant rat bites!
 Slasher bites the giant rat.
 The giant rat is killed!
 The dwarf thrusts his dagger.
 The dwarf hits!
 You hit the dwarf!
 The dwarf thrusts his dagger.
 The dwarf hits!
 You die...
 Do you want your possessions identified? [ynq] (y)

Inventory:
 Coins    ('$')
  $ - 32 gold pieces
 Weapons  (')')
  i - a +0 aklys (tethered to right hand)
  a - a +1 club (alternate weapon; not wielded)
 Armor    ('[')
  e - an uncursed +0 leather armor (being worn)
 Comestibles  ('%')
  g - 2 uncursed food rations
  f - a cursed food ration
 Wands    ('/')
  k - a wand of teleportation (0:6)
  j - a wand of teleportation (0:1)
 Gems/Stones  ('*')
  l - an uncursed amethyst stone

GdeVolpiano the Caveman's attributes:

Background:
 You were a Troglodyte, a level 1 dwarven Caveman.
 You were lawful, on a mission for Anu
 who was opposed by Ishtar (neutral) and Anshar (chaotic).
 You were right-handed.
 You were in the Gnomish Mines, on level 3.
 You entered the dungeon 943 turns ago.
 You had 17 experience points, 3 more were needed to attain level 2.

Basics:
 You had 0 out of 18 hit points.
 You had 1 out of 1 energy points (spell power).
 Your armor class was 8.
 Your wallet contained 32 zorkmids.
 Autopickup was on for '$?!/="+' plus thrown, with exceptions.

Final Characteristics:
 Your strength was 15 (limit:18/100).
 Your dexterity was 15 (limit:20).
 Your constitution was 17 (limit:20).
 Your intelligence was 7 (limit:16).
 Your wisdom was 12 (limit:16).
 Your charisma was 10 (limit:16).

Final Status:
 You weren't hungry.
 You were unencumbered.
 You were wielding a club.
 You had basic skill with club.

Final Attributes:
 You were devoutly aligned.
 You had infravision.
 You were warded.
 You are dead.

Miscellaneous:
 You didn't encounter any bones levels.
 Total elapsed playing time was 5 minutes and 58 seconds.

Major events:
 Turn
    1: GdeVolpiano the lawful dwarven Caveman entered the dungeon
  236: entered the Gnomish Mines
  943: killed by a dwarf

You didn't know any spells.

Skills:
 Fighting Skills
   bare handed combat [Basic]
 Weapon Skills
   dagger             [Unskilled]
   knife              [Unskilled]
   axe                [Unskilled]
   pick-axe           [Unskilled]
   club               [Basic]
   mace               [Unskilled]
   morning star       [Unskilled]
   flail              [Unskilled]
   hammer             [Unskilled]
   quarterstaff       [Unskilled]
   polearms           [Unskilled]
   spear              [Unskilled]
   trident            [Unskilled]
   bow                [Unskilled]
   sling              [Basic]
   boomerang          [Unskilled]
   unicorn horn       [Unskilled]
 Spellcasting Skills
   attack spells      [Unskilled]
   matter spells      [Unskilled]

Voluntary challenges:
 Character rerolling was not enabled.
 You never genocided any monsters.
 You never polymorphed an object.
 You never changed form.
 You used no wishes.
Achievement:
 You entered the Gnomish Mines.

 The Dungeons of Doom: levels 1 to 3
    Level 1:
       An altar to Anu, some fountains.
    Level 2:
       Stairs down to The Gnomish Mines.
    Level 3:
 The Gnomish Mines:
    Level 3: <- You were here.
       Final resting place for
          you, killed by a dwarf.


Vanquished creatures:
  a gnome leader
  a gnomish wizard
  2 giant rats
  a yellow mold
  5 gnomes
  a gecko
  3 jackals
  2 sewer rats
  a lichen
  3 newts
20 creatures vanquished.

No species were genocided or became extinct.

Game over:
                       ----------
                      /          \
                     /    REST    \
                    /      IN      \
                   /     PEACE      \
                  /                  \
                  |   GdeVolpiano    |
                  |      32 Au       |
                  |   killed by a    |
                  |      dwarf       |
                  |                  |
                  |                  |
                  |       2026       |
                 *|     *  *  *      | *
        _________)/\\_//(\/(/\)/\//\/|_)_______

Goodbye GdeVolpiano the Caveman...

You died in The Gnomish Mines on dungeon level 3 with 197 points,
and 32 pieces of gold, after 943 moves.
You were level 1 with a maximum of 18 hit points when you died.

